 Dungeon Crawl Stone Soup version 0.20.1-1-g8b1a95d (webtiles) character file.

70 Peloso the Skirmisher (level 4, 37/37 HPs)
             Began as a Demonspawn Fighter on Aug 3, 2017.
             Quit the game on level 2 of the Dungeon.
             The game lasted 00:04:25 (1511 turns).

Peloso the Skirmisher (Demonspawn Fighter)          Turns: 1511, Time: 00:04:26

Health: 37/37      AC:  6    Str: 18    XL:     4   Next: 4%
Magic:  3/4        EV:  7    Int:  9    God:
Gold:   139        SH:  9    Dex: 12    Spells: 3/3 levels left

rFire    . . .     SeeInvis .   a - +0 long sword
rCold    . . .     Gourm    .   c - +0 shield
rNeg     . . .     Faith    .   b - +0 scale mail
rPois    .         Spirit   +   (helmet restricted)
rElec    .         Reflect  .   (no cloak)
rCorr    .         Harm     .   (no gloves)
MR       .....                  (no boots)
Stlth    ..........             (no amulet)
Regen    0.2/turn               q - ring of flight
MPRegen  0.1/turn               (no ring)

@: flying
A: horns 1, magic shield
a: no special abilities


You were on level 2 of the Dungeon.
You were not hungry.

You visited 1 branch of the dungeon, and saw 2 of its levels.

You collected 139 gold pieces.

Inventory:

Hand Weapons
 a - a +0 long sword (weapon)
Armour
 b - a +0 scale mail (worn)
 c - a +0 shield (worn)
Jewellery
 q - a ring of flight (left hand)
Scrolls
 g - 2 scrolls of enchant armour {unknown}
 h - 5 scrolls of identify {unknown}
 i - a scroll of random uselessness {unknown}
 j - a scroll of magic mapping {unknown}
 k - 2 scrolls of fear {unknown}
 l - a scroll of teleportation {unknown}
 m - a scroll of remove curse {unknown}
 o - a scroll of noise {unknown}
 r - 2 scrolls of fog {unknown}
Potions
 d - a potion of might
 s - 2 potions of curing
Comestibles
 f - 2 bread rations
 n - a meat ration
 p - a chunk of flesh


   Skills:
 + Level 3.7 Fighting
 + Level 2.2 Long Blades
 + Level 3.1 Armour
 + Level 0.3 Dodging
 + Level 0.2 Stealth
 + Level 3.2 Shields


You had 3 spell levels left.
You didn't know any spells.

Dungeon Overview and Level Annotations

Branches:
Dungeon (2/15)

Altars:

Annotations:
D:2 Ijyb


Innate Abilities, Weirdness & Mutations

You have a pair of small horns on your head.
When hurt, damage is shared between your health and your magic reserves.


Message History

You feel sick.
The goblin throws a stone.
The stone hits you but does no damage.
You see here a stone.
The goblin completely misses you. The goblin hits you.
You hit the goblin.
The goblin is heavily wounded.
You feel sick. The goblin hits you but does no damage. The goblin hits you.
You hit the goblin.
You kill the goblin!
t - a fuming emerald potion
Things that are here:
19 stones; a goblin corpse You feel sick.
It was a potion of heal wounds.
You feel much better.
It was a potion of curing.
You feel better.
It was a potion of flight.
You feel very buoyant.
You fly up into the air.
Are you sure you want to abandon this character and quit the game? (Confirm with "yes".)

######. #............###
.8.8.8.## #......###...#
........### #.......#######
?g....$ggg####.##.##.#.....#
).......#.g..#.......#.....#
...g....##.....##..........#
...g....#....#.#..#.[#.....#
.8.8.8....####.#.##..#.....#
########## #@(.....#######
#...# ###.##### #...# #(# #..
#####...# #(# #.#####.#
........# ####†###.......#
....#...# #......#..#....#
#...###########.##.#.#..#.#..#
.....# #......##........#.....
.....###
#.####.####.#.......###


There were no monsters in sight!

Vanquished Creatures
  3 adders (D:2)
  A worm (D:2)
  3 giant cockroaches (D:1)
  11 goblins
  2 hobgoblins
  7 kobolds
  A ball python (D:2)
  4 bats
  A frilled lizard (D:1)
  3 rats (D:2)
36 creatures vanquished.

Notes
Turn   | Place    | Note
-------+----------+-------------------------------------------
     0 | D:1      | Peloso the Demonspawn Fighter began the quest for the Orb.
     0 | D:1      | Reached XP level 1. HP: 18/18 MP: 1/1
   225 | D:1      | Gained mutation: When hurt, damage is shared between your health and your magic reserves. [demonic ancestry]
   225 | D:1      | Reached XP level 2. HP: 24/24 MP: 2/2
  1144 | D:2      | Reached XP level 3. HP: 27/29 MP: 3/3
  1463 | D:2      | Noticed Ijyb
  1499 | D:2      | Gained mutation: You have a pair of small horns on your head. [demonic ancestry]
  1499 | D:2      | Reached XP level 4. HP: 35/37 MP: 2/4
  1511 | D:2      | Quit the game

Skill      XL: |  1  2  3 |
---------------+----------+-----
Long Blades    | 2 |  2.2
Shields        | 3 |  3.2
Armour         | 3 |  3.1
Fighting       | |  3.7
Dodging        | |  0.3
Stealth        | |  0.2

Action                   |  1- 3 |  4- 6 || total
-------------------------+-------+-------++-------
Melee: Long sword        |   128 |     2 ||   130
  Use: Potion            |       |     3 ||     3
  Eat: Chunk             |     2 |       ||     2
Armor: Scale mail        |    96 |     1 ||    97
Dodge: Dodged            |    53 |     2 ||    55
Block: Shield            |    83 |       ||    83
       Rpst.: Long sword |    15 |       ||    15
